 Dungeon Crawl Stone Soup version 0.25.1-1-g288607f5aa (webtiles) character file.

Game seed: 5244544608056300275

13708 toffzen the Fighter (level 12, -8/105 HPs)
             Began as a Formicid Berserker on July 29, 2020.
             Was a High Priest of Trog.
             Killed from afar by a fire giant (20 damage)
             ... with a bolt of fire
             ... on level 10 of the Dungeon.
             The game lasted 00:35:24 (12500 turns).

toffzen the Fighter (Formicid Berserker)           Turns: 12500, Time: 00:35:24

Health: -8/105     AC: 22    Str: 22    XL:     12   Next: 36%
Magic:  12/12      EV: 15    Int:  9    God:    Trog [*****.]
Gold:   585        SH:  5    Dex: 16    Spells: 11/11 levels left

rFire    + . .     SeeInvis +   a - +2 battleaxe (drain)
rCold    . . .     Gourm    .   e - +0 buckler
rNeg     + . .     Faith    .   w - +4 ring mail of Free Expression {Int+2}
rPois    +         Spirit   .   (helmet unavailable)
rElec    .         Reflect  .   o - +2 ratskin cloak {+Rats rPois rN+ Str-1 Int-1 Dex+1}
rCorr    .         Harm     .   z - +1 pair of gloves "Pitowk" {rPois rF+ Dex+2}
MR       +++..                  t - +1 pair of boots
Stlth    +.........             i - amulet of regeneration
HPRegen  1.67/turn              E - +4 ring of protection
MPRegen  0.13/turn              (no ring)

@: regenerating
A: permanent stasis, dig shafts and tunnels, four strong arms, antennae 3
a: Dig, Shaft Self, Trog's Hand, Brothers in Arms, Renounce Religion, Evoke
Ratskin


You were on level 10 of the Dungeon.
You worshipped Trog.
Trog was extremely pleased with you.
You were not hungry.

You visited 1 branch of the dungeon, and saw 10 of its levels.

You collected 662 gold pieces.
You spent 77 gold pieces at shops.

Inventory:

Hand Weapons
 a - a +2 battleaxe of draining (weapon)
 b - a +1 dagger of venom
Missiles
 h - 328 stones (quivered)
 j - 88 sling bullets
 p - 3 boomerangs
 H - 19 poisoned darts
Armour
 e - a +0 buckler (worn)
 g - a +0 plate armour
 o - the +2 ratskin cloak (worn) {+Rats rPois rN+ Str-1 Int-1 Dex+1}
   (You found it on level 6 of the Dungeon)

   It affects your strength (-1).
   It affects your intelligence (-1).
   It affects your dexterity (+1).
   It protects you from poison.
   It protects you from negative energy.
 t - a +1 pair of boots (worn)
 w - the +4 ring mail of Free Expression (worn) {Int+2}
   (You found it on level 4 of the Dungeon)

   It affects your intelligence (+2).
 z - the +1 pair of gloves "Pitowk" (worn) {rPois rF+ Dex+2}
   (You found it on level 10 of the Dungeon)

   It affects your dexterity (+2).
   It protects you from fire.
   It protects you from poison.
Jewellery
 i - an amulet of regeneration (around neck)
 E - a +4 ring of protection (left hand)
Wands
 f - a wand of paralysis (3)
 r - a wand of random effects (22)
 y - a wand of acid (6)
 A - a wand of clouds (7)
 G - a wand of enslavement (11)
Scrolls
 m - 5 scrolls of remove curse
 s - 5 scrolls of fear
 x - 4 scrolls of immolation
Potions
 d - 4 potions of mutation
 k - 3 potions of stabbing
 l - 4 potions of curing
 v - a potion of might
 B - a potion of cancellation
 F - a potion of flight
Miscellaneous
 q - a phial of floods
Comestibles
 c - 21 rations


   Skills:
 + Level 13.6 Fighting
 + Level 11.3 Axes
 + Level 6.8 Armour
 + Level 6.6 Dodging
 - Level 2.6 Shields


You had 11 spell levels left.
You didn't know any spells.
Your spell library was empty.

Dungeon Overview and Level Annotations

Branches:
Dungeon (10/15)            Temple (0/1) D:7            Lair (0/6) D:10
    Orc: D:9-12

Altars:
Okawaru
Uskayaw
Wu Jian
Xom
Yredelemnul
Zin
The Shining One

Shops:
D:5 ?

Annotations:
D:2 1 runed translucent door, 1 exclusion, Crazy Yiuf
D:7 exclusion: downstairs


Innate Abilities, Weirdness & Mutations

You cannot be hasted, slowed, berserked, paralysed or teleported.
You can dig through walls and to a lower floor.
Your four strong arms can wield two-handed weapons with a shield.
You have a pair of large antennae on your head. (SInv)


Message History

The fire giant gestures at you while chanting.
The bolt of fire hits you!! You resist.
You hit the fire giant but do no damage.
You drain the fire giant.
The fire giant is heavily wounded.
The fire giant gestures at you while chanting.
The fireball explodes!
The fireball engulfs you!! You resist.
* * * LOW HITPOINT WARNING * * *
The fireball engulfs the fire giant.
The fire giant completely resists.
You hit the fire giant. You drain the fire giant.
The fire giant is heavily wounded.
The fire giant hits you with the +7 great mace "Firestarter" {inner flame, rF++}!!
* * * LOW HITPOINT WARNING * * *
The fire giant burns you.
* * * LOW HITPOINT WARNING * * *
You hit the fire giant.
The fire giant is heavily wounded.
The fire giant gestures at you while chanting.
The bolt of fire hits you!! You resist.
You die...

.#.#.#.#.#...#
.##.#.#.#.#..#
.###.#.#.##..#
..#.#.#.##...#
...##.##.#...#
....####.....#
.............#
.##.#.######.# ###
....#..# #.# #@##
.......# #.# ##C#
...##..# #.###.#####
.# ##..# #.........#
.####..# ######....##
...b<..# ##C...#
...##..## ### #....##
.#.#....#.##...##...##
######.....#.......##


You could see a fire giant (drained).

Vanquished Creatures
  4 two-headed ogres
  Erica (D:8)
  An unseen horror (D:9)
  Pikel (D:5)
  A queen bee (D:9)
  2 trolls (D:9)
  2 hippogriffs
  11 yaks
  4 fire bats (D:10)
  A soldier ant (D:8)
  4 porcupines
  2 orc warriors
  2 black bears
  A sky beast (D:9)
  A slave (D:5)
  6 phantoms
  4 ogres
  2 ice beasts
  A hornet zombie (D:7)
  An eye of draining (D:9)
  5 centaurs
  A big kobold (D:10)
  3 crocodiles
  6 bullfrogs
  4 scorpions
  16 killer bees
  2 wights (D:7)
  9 crimson imps
  A centaur zombie (D:6)
  3 jellies
  3 hounds
  A quasit (D:9)
  3 orc priests
  19 orc wizards
  A gnoll shaman (D:5)
  3 centaur skeletons
  3 iguanas
  3 hell rats (D:6)
  9 worker ants
  A killer bee zombie (D:6)
  3 hound skeletons
  Robin (D:2)
  15 adders
  13 gnolls
  A howler monkey skeleton (D:7)
  4 river rats (D:6)
  6 shadow imps
  An adder skeleton (D:8)
  4 worms
  4 dart slugs
  10 leopard geckos
  35 orcs
  8 bats
  5 giant cockroaches
  10 hobgoblins
  13 jackals
  9 kobolds
  3 quokkas
  2 ball pythons
  A ball python skeleton (D:4)
  9 frilled lizards
  12 goblins
  A leopard gecko skeleton (D:4)
  19 rats
  2 toadstools (D:1)
339 creatures vanquished.

Vanquished Creatures (others)
  A wight (D:6)
  A bush (D:10)
  A fungus (D:10)
  4 plants (D:10)
  5 toadstools
12 creatures vanquished.

Grand Total: 351 creatures vanquished

Notes
Turn   | Place    | Note
-------+----------+-------------------------------------------
     0 | D:1      | toffzen the Formicid Berserker began the quest for the Orb.
     0 | D:1      | Reached XP level 1. HP: 18/18 MP: 1/1
   137 | D:1      | Reached XP level 2. HP: 24/24 MP: 2/2
   587 | D:1      | Reached XP level 3. HP: 21/29 MP: 3/3
  1391 | D:2      | Reached ** piety under Trog
  1482 | D:2      | Reached XP level 4. HP: 37/37 MP: 4/4
  1995 | D:1      | Reached skill level 1 in Shields
  2517 | D:2      | Reached XP level 5. HP: 42/42 MP: 5/5
  2814 | D:2      | Noticed Robin
  2830 | D:2      | Killed Robin
  2865 | D:2      | Found a runed translucent door.
  2866 | D:2      | Noticed Crazy Yiuf
  2977 | D:3      | Found an ornate altar of the Wu Jian Council.
  3290 | D:3      | Reached skill level 4 in Fighting
  3341 | D:3      | Found a faded altar of an unknown god.
  4085 | D:3      | Reached XP level 6. HP: 47/49 MP: 6/6
  4110 | D:3      | Reached *** piety under Trog
  4369 | D:4      | Reached skill level 5 in Fighting
  4482 | D:4      | Got an ancient ring mail
  4492 | D:4      | Identified the +4 ring mail of Free Expression {Int+2} (You
                  | found it on level 4 of the Dungeon)
  4891 | D:4      | Reached skill level 6 in Fighting
  5042 | D:4      | Reached XP level 7. HP: 44/58 MP: 7/7
  5376 | D:5      | Entered Level 5 of the Dungeon
  5541 | D:5      | Found a shimmering altar of Xom.
  5564 | D:5      | Found Ykhij's Magic Scroll Boutique.
  5627 | D:5      | Bought a scroll of identify for 28 gold pieces
  5627 | D:5      | Bought a scroll of fear for 49 gold pieces
  5872 | D:5      | Reached skill level 5 in Axes
  5933 | D:5      | Reached skill level 7 in Fighting
  5986 | D:5      | Reached XP level 8. HP: 66/67 MP: 8/8
  6653 | D:6      | Reached skill level 8 in Fighting
  6807 | D:6      | Found an iron altar of Okawaru.
  7075 | D:6      | Noticed Pikel
  7160 | D:5      | Killed Pikel
  7160 | D:5      | Reached XP level 9. HP: 59/75 MP: 9/9
  7529 | D:6      | Reached **** piety under Trog
  7648 | D:6      | Reached skill level 9 in Fighting
  7648 | D:6      | Reached skill level 5 in Armour
  7961 | D:6      | Found a glowing golden altar of the Shining One.
  7978 | D:6      | Found the +2 ratskin cloak {+Rats rPois rN+ Str-1 Int-1
                  | Dex+1}
  8560 | D:7      | Found a staircase to the Ecumenical Temple.
  8573 | D:7      | Reached skill level 5 in Dodging
  8605 | D:7      | Reached XP level 10. HP: 47/83 MP: 10/10
  9077 | D:7      | Reached skill level 10 in Fighting
  9203 | D:8      | Noticed a two-headed ogre
  9261 | D:8      | Noticed Erica
  9557 | D:8      | Killed Erica
  9594 | D:8      | Found a hide-covered altar of Uskayaw.
  9595 | D:8      | Noticed a two-headed ogre
  9608 | D:8      | Killed a two-headed ogre
  9608 | D:8      | Reached skill level 11 in Fighting
  9946 | D:8      | Found a glowing silver altar of Zin.
  9946 | D:8      | Found a basalt altar of Yredelemnul.
 10034 | D:8      | Killed a two-headed ogre
 10034 | D:8      | Reached XP level 11. HP: 88/93 MP: 11/11
 10457 | D:9      | Reached skill level 12 in Fighting
 10461 | D:9      | Reached ***** piety under Trog
 10948 | D:10     | Entered Level 10 of the Dungeon
 10948 | D:10     | Noticed an unseen horror
 11017 | D:9      | Reached skill level 10 in Axes
 11216 | D:10     | Received a gift from Trog
 11222 | D:10     | Noticed a two-headed ogre
 11227 | D:10     | Noticed a fire giant
 11596 | D:9      | Killed an unseen horror
 11628 | D:9      | Reached skill level 13 in Fighting
 11731 | D:10     | Found a staircase to the Lair.
 11860 | D:10     | Reached XP level 12. HP: 101/105 MP: 12/12
 12066 | D:10     | Noticed a two-headed ogre
 12080 | D:10     | Killed a two-headed ogre
 12085 | D:10     | Killed a two-headed ogre
 12284 | D:10     | Got a pair of jewelled gloves
 12285 | D:10     | Identified the +1 pair of gloves "Pitowk" {rPois rF+ Dex+2}
                  | (You found it on level 10 of the Dungeon)
 12500 | D:10     | Killed from afar by a fire giant

Illustrated notes

Levels and vault maps discovered:
D:1:      ldierk_water_garden, layout_loops_cross
D:2:      layout_loops_ring, first_ration, uniq_crazy_yiuf_cottage, uniq_robin
D:3:      minmay_octagon_keep, layout_basic, lemuel_crystal_altar,
          chequers_ecumenical_altar_twisty
D:4:      layout_cave_pools
D:5:      layout_cave_pools, basic_altar, serial_shops, nicolae_shop_stone,
          minmay_misc_feat_alley, minmay_gold_behind_fungi
D:6:      wander_guarded_unrand_ratskin, layout_rooms, kennysheep_mini_moat,
          lemuel_doored_altar, minmay_fractal_squares_gapless_5, uniq_pikel
D:7:      layout_loops_ring, minmay_temple_entry_sparse_star
D:8:      kennysheep_windowed_halls, layout_loops_ring,
          eat_drink_and_be_merry_uskayaw, gammafunk_temple_overflow_pools,
          uniq_erica
D:9:      layout_basic
D:10:     minmay_firetagon, layout_cave_pools, minmay_lair_entry_grove,
          minmay_orc_entry_temple_small, david_nohive_1

Skill      XL: |  1  2  3  4  5  6  7  8  9 10 11 12 |
---------------+-------------------------------------+-----
Dodging        | 2 3 5 6 |  6.6
Shields        | 2 |  2.6
Armour         | 3 4 6 |  6.8
Fighting       | 4 6 7 8 9 11 13 | 13.6
Axes           | 4 5 7 8 10 11 | 11.3

Action                   |  1- 3 |  4- 6 |  7- 9 | 10-12 || total
-------------------------+-------+-------+-------+-------++-------
Melee: Hand axe          |    98 |    55 |       |       ||   153
       Dagger            |       |   221 |   686 |   147 ||  1054
       Battleaxe         |       |       |       |   426 ||   426
Throw: Stone             |     4 |     2 |     7 |       ||    13
Invok: Trog's Hand       |       |     2 |     6 |     5 ||    13
 Abil: Dig               |     1 |     8 |    12 |     5 ||    26
Evoke: Wand              |       |       |     1 |    10 ||    11
  Use: Scroll            |       |     5 |     3 |    15 ||    23
 Stab: Paralysed         |       |       |       |     7 ||     7
  Eat: Chunk             |     1 |    11 |    15 |    10 ||    37
       Ration            |       |     1 |       |     2 ||     3
Armor: Animal skin       |    14 |       |       |       ||    14
       Plate armour      |     4 |   105 |       |       ||   109
       Ring mail         |       |    12 |   216 |   310 ||   538
Dodge: Dodged            |    70 |    78 |   286 |   463 ||   897
Block: Buckler           |       |    29 |    94 |   133 ||   256
